 Dungeon Crawl Stone Soup version 0.28.0-1-gb440e238dd (webtiles) character file.

Game seed: 11331163709137859634

168 spaghetti the Grave Robber (level 5, -7/45 HPs)
             Began as a Deep Dwarf Necromancer on Feb 20, 2022.
             Was an Initiate of Okawaru.
             Mangled by a gnoll (11 damage)
             ... on level 5 of the Dungeon.
             The game lasted 00:07:28 (2509 turns).

spaghetti the Grave Robber (Deep Dwarf Necromancer) Turns: 2509, Time: 00:07:29

Health: -7/45      AC:  2    Str: 11    XL:     5   Next: 23%
Magic:  11/18 (9)  EV: 12    Int: 18    God:    Okawaru [......]
Gold:   85         SH:  5    Dex: 13    Spells: 5/9 levels left

rFire   . . .      SeeInvis .   b - +1 hand axe (vorpal)
rCold   . . .      Faith    .   (no shield)
rNeg    . . .      Spirit   .   a - +0 robe
rPois   .          Reflect  +   (no helmet)
rElec   .          Harm     .   (no cloak)
rCorr   .          Rampage  .   (no gloves)
Will    .....                   (no boots)
Stlth   ++........              g - amulet of reflection
HPRegen 0.00/turn               c - ring of magical power
MPRegen 0.16/turn               (no ring)

@: no status effects
A: damage resistance, heal wounds, sense surroundings 1, no regeneration
a: Heal Wounds, Renounce Religion


You were on level 5 of the Dungeon.
You worshipped Okawaru.
Okawaru was noncommittal.
You visited 1 branch of the dungeon, and saw 5 of its levels.

You collected 85 gold pieces.

Inventory:

Hand Weapons
 b - a +1 vorpal hand axe (weapon)
Missiles
 i - 54 stones (quivered)
Armour
 a - a +0 robe (worn)
Jewellery
 c - a ring of magical power (left hand)
 d - a ring of flight
 f - a ring of see invisible
 g - an amulet of reflection (around neck)
Scrolls
 h - 3 scrolls of identify
Potions
 e - a potion of brilliance


   Skills:
 + Level 1.9 Fighting
 + Level 1.4 Throwing
 - Level 2.1 Dodging
 - Level 2.4 Stealth
 + Level 2.6 Spellcasting
 + Level 5.6 Necromancy


You had 5 spell levels left.
You knew the following spells:

 Your Spells              Type           Power      Damage    Failure   Level
a - Pain                  Necr           88%        1d8       1%          1
b - Vampiric Draining     Necr           22%        2d7       4%          3

Your spell library contained the following spells:

 Spells                   Type           Power      Damage    Failure   Level
 Corpse Rot               Necr/Air       24%        N/A       8%          2
 Poisonous Vapours        Pois/Air       4%         N/A       26%         2
 Agony                    Necr           22%        N/A       41%         5
 Animate Skeleton         Necr           Unusable   N/A       N/A         1
 Animate Dead             Necr           Unusable   N/A       N/A         4

Dungeon Overview and Level Annotations

Branches:
Dungeon (5/15)
 Temple: D:4-7

Altars:
Kikubaaqudgha
Makhleb
Nemelex Xobeh
Okawaru
Ru

Annotations:
D:3 exclusion: 3 doors, Terence


Innate Abilities, Weirdness & Mutations

You are resistant to damage.
You can heal yourself by infusing magical energy.
You passively map a small area around you.
You do not regenerate.


Message History

Press: ? - help, Shift-Dir - straight line, f/p - gnoll
Aim: a gnoll, wielding a +0 club You draw life force from the gnoll!
You feel life coursing into your body. The gnoll misses you.
Unknown command.
Casting: Vampiric Draining (dangerous; 4% risk of failure)
Confirm with . or Enter, or press ? or * to list all spells.
Aiming: Vampiric Draining (dangerous; 4% risk of failure)
Press: ? - help, Shift-Dir - straight line, f/p - gnoll
Aim: a gnoll, wielding a +0 club (severely wounded)
You draw life force from the gnoll!
You kill the gnoll!
Okawaru accepts your kill.
You feel life coursing into your body.
Unknown command.
A gnoll comes into view. It is wielding a +0 halberd.
A gnoll is nearby!
Casting: Vampiric Draining (dangerous; 4% risk of failure)
Confirm with . or Enter, or press ? or * to list all spells.
Aiming: Pain (safe; 1% risk of failure)
Press: ? - help, Shift-Dir - straight line, f - gnoll
Aim: a gnoll, wielding a +0 halberd (chance to affect: 86%)
The gnoll writhes in agony.
A gnoll comes into view. It is wielding a +0 halberd.
Throw: 55 stones
Press: ? - help, Q - select action, (/) - cycle Shift-Dir - straight line, f/p - gnoll
Aim: a gnoll, wielding a +0 halberd (lightly wounded, 60% to hit)
You throw a stone. The stone barely misses the gnoll.
Unknown command.
Found a spear.
Found an escape hatch in the floor.
Things that are here:
a +0 flail; an orc corpse The gnoll hits you from afar with a +0 halberd!
* * * LOW HITPOINT WARNING * * *
There is a stone staircase leading up, spattered with blood here.
The gnoll hits you from afar with a +0 halberd!
* * * LOW HITPOINT WARNING * * *
The gnoll hits you from afar with a +0 halberd!
You die...

####........>, ,
.. , ...#........
.. ...(.....#. ###
. , ..........#
..#.#, , *
..........###.#(#*
* ,,
......[...##...(#
, *
.......$.#g).(# *
, * *
..##..)#†g##.# * ,
* ####@.###.#####
#.###......### ,
##.# #._.....<# *
..# #####..#
#....###.#
#...###.....##
##...# , *
#.....##### #####
* ##*
*#......######
###..
....##.#.oo.)Z##
.[. ...
#.....##.(# ##.# *


You could see 2 gnolls.

Vanquished Creatures
  A centaur (D:4)
  3 gnolls (D:5)
  A shadow imp (D:5)
  2 worms (D:2)
  2 dart slugs
  3 orcs (D:5)
  2 ball pythons (D:1)
  5 bat skeletons (D:3)
  5 endoplasms
  2 goblins
  A hobgoblin (D:2)
  3 kobolds
  A quokka (D:2)
  A bat (D:1)
  3 frilled lizards (D:1)
  5 rats
40 creatures vanquished.

Notes
Turn   | Place    | Note
-------+----------+-------------------------------------------
     0 | D:1      | spaghetti the Deep Dwarf Necromancer began the quest for
                  | the Orb.
     0 | D:1      | Reached XP level 1. HP: 15/15 MP: 3/3
   367 | D:2      | Reached skill level 5 in Necromancy
   367 | D:2      | Reached XP level 2. HP: 20/22 MP: 4/4
  1156 | D:1      | Reached XP level 3. HP: 30/30 MP: 6/6
  1165 | D:1      | Learned a level 3 spell: Vampiric Draining
  1298 | D:1      | Found a faded altar of an unknown god.
  1629 | D:3      | Found a sacrificial altar of Ru.
  1631 | D:3      | Found a sparkling altar of Nemelex Xobeh.
  1632 | D:3      | Found an iron altar of Okawaru.
  1659 | D:3      | Noticed a water moccasin
  1678 | D:3      | Became a worshipper of Warmaster Okawaru
  1954 | D:3      | Reached skill level 1 in Fighting
  1975 | D:3      | Found an ancient bone altar of Kikubaaqudgha.
  2135 | D:3      | Noticed Terence
  2286 | D:4      | Noticed a phantom
  2296 | D:5      | Entered Level 5 of the Dungeon
  2325 | D:5      | Noticed a centaur
  2345 | D:4      | Killed a centaur
  2346 | D:4      | Reached skill level 1 in Throwing
  2346 | D:4      | Reached XP level 4. HP: 27/39 MP: 2/7
  2346 | D:4      | Reached XP level 5. HP: 31/45 MP: 2/8
  2462 | D:5      | HP: 2/45 [shadow imp/nerve-wracking pain (11)]
  2475 | D:5      | Found a burning altar of Makhleb.
  2509 | D:5      | Mangled by a gnoll

Illustrated notes

Levels and vault maps discovered:
D:1:      dpeg_arrival_simpleton_a, layout_rooms,
          dreamdust_ecumenical_altar_statues
D:2:      layout_loops_ring
D:3:      layout_loops_corners, kennysheep_vampire_church, minitemple,
          uniq_terence
D:4:      cheibrodos_thug_alley, layout_basic, grunt_gozag_breadcrumbs,
          uniq_sigmund
D:5:      layout_rooms, bloody_makhleb, serial_shops, nicolae_shop_stone,
          kennysheep_nub, hangedman_decor_points, minmay_ogre_servants

Skill      XL: |  1  2  3 |
---------------+----------+-----
Necromancy     | 5 |  5.6
Spellcasting   | 2 |  2.6
Fighting       | 1 |  1.9
Throwing       | 1 |  1.4
Dodging        | |  2.1
Stealth        | |  2.4

Action                   |  1- 3 |  4- 6 || total
-------------------------+-------+-------++-------
Melee: Unarmed           |   111 |       ||   111
       Punch             |     3 |     1 ||     4
       Hand axe          |       |    17 ||    17
Throw: Stone             |    10 |     5 ||    15
 Cast: Pain              |    59 |     1 ||    60
       Vampiric Draining |     8 |     4 ||    12
 Abil: Heal Wounds       |     1 |     1 ||     2
  Use: Scroll            |     4 |       ||     4
       Potion            |     3 |       ||     3
 Stab: Sleeping          |     1 |       ||     1
Armor: Robe              |    71 |     3 ||    74
Dodge: Dodged            |   165 |     9 ||   174
Block: Other             |    65 |     7 ||    72
